cohdb
Replays
Latest Replays
All Replays
Popular Replays
Top Player Replays
Match Explorer
How It Works
Community
CoH3 Stats
Reddit
Sign in to upload your games and track your stats! →
Sign in with Steam
Match 43038511
Unlisted
Match 43038511
Overview
Messages
Build Orders
End
Selects Italian Combined Arms Battlegroup
Selects Bersaglieri Squad
Bersaglieri Squad
250 Light Carrier
Bersaglieri Squad
Bersaglieri Squad
Selects Bersaglieri Bolster
Construct Light Support Kompanie
Construct Mechanized Kompanie
254 Reconnaissance Tractor
Selects Breda Model 30 Light Machine Guns
Bersaglieri Squad
Veteran Squad Leaders
Construct Panzerarmee Kommand
2.5-tonne Medical Truck
Selects Semovente da 75/18 Assault Gun
Selects Carro Armato M13/40 Light Tank
Armored Reserves
Emergency Repair Kits
Selects Artillery Cover
Vehicle Survival Package
254 Reconnaissance Tractor
Artillery Cover
Tiger Heavy Tank
Panzer III L Medium Tank
Fire Support Elements
Flakvierling Half-track
Artillery Cover
Panzer IV Assault Group
Dawes
Atlan
Tactically Significant Turtle
512th Heavy Panzer Division
kotelel132325
KingWolf
Taylo
Mikey_MXR
0
0
Comments
sign in to comment!
No comments posted yet!